 Dungeon Crawl Stone Soup version 0.30-a0-243-gaa749bd8e4 (webtiles) character file.

Game seed: 9021407755701477471

815 Essalna the Stinger (level 7, -2/47 HPs)
             Began as a Gargoyle Venom Mage on Oct 12, 2022.
             Slain by an ice beast (14 damage)
             ... on level 5 of the Dungeon.
             The game lasted 00:08:54 (4498 turns).

Essalna the Stinger (Gargoyle Venom Mage)           Turns: 4498, Time: 00:08:54

Health: -2/47      AC:  9    Str: 17    XL:     7   Next: 94%
Magic:  3/10       EV: 11    Int: 18    God:
Gold:   214        SH:  0    Dex: 10    Spells: 3/10 levels left

rFire   . . .      SeeInvis .    i - +0 spear (vamp)
rCold   . . .      Faith    .    (no shield)
rNeg    + . .      Spirit   .    a - +0 robe
rPois   ∞          Reflect  .    x - +0 helmet
rElec   +          Harm     .    (no cloak)
rCorr   .          Rampage  .    (no gloves)
Will    .....                    o - +1 pair of boots
Stlth   ++........               (no amulet)
HPRegen 0.27/turn                u - +6 ring of strength
MPRegen 0.12/turn                (no ring)

@: no status effects
A: sickness immunity, AC +4, negative energy resistance 1, electricity
resistance, torment resistance 1, petrification resistance
a: no special abilities


You were on level 5 of the Dungeon.
You visited 1 branch of the dungeon, and saw 5 of its levels.

You collected 214 gold pieces.

Inventory:

Hand Weapons
 f - a +0 dagger
 i - a +0 vampiric spear (weapon)
Armour
 a - a +0 robe (worn)
 o - a +1 pair of boots (worn)
 x - a +0 helmet (worn)
 z - a +0 pair of boots
Magical Staves
 d - a staff of earth
 h - a staff of air
 p - a staff of poison
 s - a staff of conjuration
Jewellery
 e - an amulet of the acrobat
 u - a +6 ring of strength (left hand)
Wands
 r - a wand of iceblast (7)
 w - a wand of flame (30)
Scrolls
 c - 9 scrolls of identify
 g - a scroll of immolation
 n - 3 scrolls of teleportation
Potions
 b - a potion of magic
 j - 3 potions of resistance {unknown}
 k - 2 potions of heal wounds
 l - a potion of curing {unknown}
 m - 3 potions of flight {unknown}
 q - 2 potions of berserk rage {unknown}
 t - 2 potions of mutation {unknown}
 v - a potion of degeneration {unknown}


   Skills:
 + Level 6.5 Fighting
 - Level 1.5 Dodging
 - Level 2.1 Stealth
 - Level 2.0 Spellcasting
 - Level 0.7 Transmutations
 + Level 6.8 Poison Magic


You had 3 spell levels left.
You knew the following spells:

 Your Spells              Type           Power      Damage    Failure   Level
a - Sting                 Tmut/Pois      60%        1d6       3%          1
b - Olgreb's Toxic Radia  Pois           26%        N/A       11%         4
c - Poisonous Vapours     Pois/Air       28%        N/A       7%          2

Your spell library contained the following spells:

 Spells                   Type           Power      Damage    Failure   Level
 Spider Form              Tmut/Pois      15%        N/A       12%         3
 Mephitic Cloud           Conj/Pois/Air  9%         N/A       22%         3
 Ensorcelled Hibernation  Hex/Ice        2%         N/A       26%         2
 Anguish                  Hex/Necr       0%         N/A       87%         4
 Iskenderun's Battlesphe  Conj           1%         2d6       99%         5
 Iron Shot                Conj/Erth      0%         9d1       100%        6
 Spellforged Servitor     Conj/Summ      0%         N/A       100%        7


Dungeon Overview and Level Annotations

Branches:
Dungeon (5/15)
 Temple: D:4-7

Altars:
Dithmenos
Nemelex Xobeh
Trog
Uskayaw
Vehumet
Xom
The Shining One

Annotations:
D:3 1 runed translucent door, Crazy Yiuf


Innate Abilities, Weirdness & Mutations

You are immune to sickness and miasma.
Your stone body is resilient. (AC +4)
You are immune to poison.
You resist negative energy. (rN+)
You are resistant to electric shocks. (rElec)
You are resistant to unholy torment.
You are immune to petrification.


Message History

The sting hits the ice beast but does no damage.
The ice beast looks even sicker.
The ice beast is moderately wounded.
The ice beast hits you but does no damage.
Casting: Sting (safe; 3% risk of failure)
Confirm with . or Enter, or press ? or * to list all spells.
Aiming: Sting (safe; 3% risk of failure)
Press: ? - help, Shift-Dir - straight line, f/p - ice beast
Aim: an ice beast (moderately wounded, very poisoned, 74% to hit)
The sting hits the ice beast.
The ice beast looks even sicker.
The ice beast is moderately wounded.
The ice beast hits you but does no damage.
Casting: Sting (safe; 3% risk of failure)
Confirm with . or Enter, or press ? or * to list all spells.
Aiming: Sting (safe; 3% risk of failure)
Press: ? - help, Shift-Dir - straight line, f/p - ice beast
Aim: an ice beast (heavily wounded, very poisoned, 74% to hit)
The sting misses the ice beast.
The ice beast hits you but does no damage.
Casting: Sting (safe; 3% risk of failure)
Confirm with . or Enter, or press ? or * to list all spells.
Aiming: Sting (safe; 3% risk of failure)
Press: ? - help, Shift-Dir - straight line, f/p - ice beast
Aim: an ice beast (heavily wounded, very poisoned, 74% to hit)
The sting hits the ice beast but does no damage.
The ice beast looks as sick as possible!
The ice beast is heavily wounded.
The ice beast hits you. The ice beast freezes you!
* * * LOW HITPOINT WARNING * * *
Casting: Sting (safe; 3% risk of failure)
Confirm with . or Enter, or press ? or * to list all spells.
Aiming: Sting (safe; 3% risk of failure)
Press: ? - help, Shift-Dir - straight line, f/p - ice beast
Aim: an ice beast (heavily wounded, extremely poisoned, 74% to hit)
The sting hits the ice beast.
The ice beast partially resists.
The ice beast is severely wounded.
The ice beast hits you.
* * * LOW HITPOINT WARNING * * *
The ice beast freezes you!
You die...

.. .... #. .... #.## ....
#..# ###. #### ##.###
#### #. ##...# #...#
#...## ##
#.....##...##.....##
.......#...#.......#
..(...Y@...'.†..[..#
.......#...#.......#
#.....##...##.....## ###
##...# #...# #...## ...
##### #...# ##### .####
##...###...###...##.....
##.....##...##.....######
#.......#...#.......# #
#.......'...'.......# #


You could see an ice beast (extremely poisoned).

Vanquished Creatures
  A water moccasin (D:5)
  A black bear (D:5)
  A centaur (D:5)
  An ogre (D:5)
  A phantom (D:5)
  A scorpion (D:5)
  2 hounds
  2 iguanas
  A gnoll (D:1)
  12 adders
  4 dart slugs
  4 orcs
  9 ball pythons
  5 bats
  9 endoplasms
  2 giant cockroaches
  A goblin (D:4)
  2 hobgoblins (D:1)
  6 jackals
  5 kobolds
  2 quokkas
  A frilled lizard (D:3)
  3 rats
76 creatures vanquished.

Notes
Turn   | Place    | Note
-------+----------+-------------------------------------------
     0 | D:1      | Essalna the Gargoyle Venom Mage began the quest for the
                  | Orb.
     0 | D:1      | Reached XP level 1. HP: 10/10 MP: 3/3
   218 | D:1      | Reached skill level 1 in Fighting
   218 | D:1      | Reached XP level 2. HP: 16/16 MP: 0/5
   417 | D:1      | Found a faded altar of an unknown god.
   857 | D:1      | Reached XP level 3. HP: 21/21 MP: 6/6
   942 | D:2      | Found a shimmering altar of Xom.
  1304 | D:2      | Reached XP level 4. HP: 27/27 MP: 7/7
  1580 | D:3      | Learned a level 4 spell: Olgreb's Toxic Radiance
  1775 | D:3      | Found a shimmering altar of Xom.
  1837 | D:3      | Found a bloodstained altar of Trog.
  2152 | D:3      | Found a runed translucent door.
  2153 | D:3      | Noticed Crazy Yiuf
  2201 | D:3      | Reached XP level 5. HP: 32/32 MP: 2/8
  2803 | D:4      | Identified a scroll of acquirement
  2803 | D:4      | Acquired a staff of poison
  3001 | D:4      | Learned a level 2 spell: Poisonous Vapours
  3523 | D:5      | Entered Level 5 of the Dungeon
  3523 | D:5      | Found a radiant altar of Vehumet.
  3523 | D:5      | Found a hide-covered altar of Uskayaw.
  3523 | D:5      | Found a sparkling altar of Nemelex Xobeh.
  3523 | D:5      | Found a glowing golden altar of the Shining One.
  3523 | D:5      | Found a shadowy altar of Dithmenos.
  3536 | D:5      | Noticed a phantom
  3556 | D:5      | Killed a phantom
  3557 | D:5      | Reached skill level 5 in Poison Magic
  3557 | D:5      | Reached XP level 6. HP: 24/39 MP: 9/9
  3760 | D:5      | Reached skill level 5 in Fighting
  3793 | D:5      | Reached XP level 7. HP: 38/44 MP: 4/10
  4498 | D:5      | Slain by an ice beast

Illustrated notes

Levels and vault maps discovered:
D:1:      lemuel_arrival_muddy, layout_loops_ring,
          chequers_ecumenical_altar_simple, minmay_hexomino_f4
D:2:      layout_rooms, basic_altar
D:3:      layout_basic, general_overflow_altar, mainiacjoe_overflow_catwalk,
          uniq_crazy_yiuf_cottage
D:4:      layout_gridville
D:5:      kennysheep_six_static_rooms, layout_basic, grunt_temple_overflow_open

Skill      XL: |  1  2  3  4  5  6  7 |
---------------+----------------------+-----
Fighting       | 1 2 3 4 5 6 |  6.5
Poison Magic   | 4 5 6 |  6.8
Dodging        | |  1.5
Stealth        | |  2.1
Spellcasting   | |  2.0
Transmutations | |  0.7

Action                   |  1- 3 |  4- 6 |  7- 9 || total
-------------------------+-------+-------+-------++-------
Melee: Unarmed           |     4 |       |       ||     4
       Spear             |    48 |    54 |    10 ||   112
       Staff             |       |    21 |    17 ||    38
 Cast: Sting             |    40 |    68 |    47 ||   155
       Poisonous Vapours |       |     1 |       ||     1
  Use: Scroll            |     5 |     4 |     2 ||    11
 Stab: Sleeping          |     3 |     3 |       ||     6
Armor: Robe              |    20 |    52 |    28 ||   100
Dodge: Dodged            |    35 |    84 |    44 ||   163

Table legend: (Time is in decaauts)
 A = Elapsed time spent in this place.
 B = Non-inter-level travel time spent in this place.
 C = Inter-level travel time spent in this place.
 D = Time resting spent in this place.
 E = Time spent auto-exploring this place.
 F = Levels seen in this place.
 G = Mean time per level.
                   A        B        C        D        E       F      G
               +--------+--------+--------+--------+--------+-----+--------+
         Total |   4513 |   4412 |    101 |      0 |   3712 |   5 |  902.6 |
       Dungeon |   4513 |   4412 |    101 |      0 |   3712 |   5 |  902.6 |
               +--------+--------+--------+--------+--------+-----+--------+

Top non-repeatable levels by time:
     D:3: 1200 daAuts
     D:5: 981 daAuts
     D:1: 943 daAuts
     D:4: 781 daAuts
     D:2: 606 daAuts
